3AAA
FLORIDA MEN @ HAMILTON COYOTES
08/12/2031
 
TOP OF THE 1ST
Florida Men batting - Pitching for Hamilton Coyotes : RHP Jesús Garces
Pitching: RHP Jesús Garces
Batting: LHB Jim Halpert 0-0: Ball
1-0: Called Strike
1-1: Ball
2-1: Swinging Strike
2-2: Ground out 4-3 (Groundball, 34)
Batting: RHB Warner Robinson 0-0: Called Strike
0-1: Ball
1-1: Swinging Strike
1-2: Ground out 6-3 (Groundball, 6)
Batting: RHB Jorge Díaz 0-0: Called Strike
0-1: Ball
1-1: Ball
2-1: Fly out, F8 (Line Drive, 89M)
Top of the 1st over - 0 runs, 0 hits, 0 errors, 0 left on base; Florida 0 - Hamilton 0
BOTTOM OF THE 1ST
Hamilton Coyotes batting - Pitching for Florida Men : LHP Wiley Fritzler
Pitching: LHP Wiley Fritzler
Batting: LHB Ken Stroud 0-0: DOUBLE (Groundball, 3L)
Batting: RHB Ernest Daniels 0-0: Ball
1-0: Called Strike
1-1: Ball
2-1: Foul Ball, location: 2F
2-2: Strikes out swinging
Batting: LHB Mike Gardner 0-0: Ball
1-0: Fly out, F8 (Flyball, 8RD)
Batting: RHB Robert Hill 0-0: Called Strike
0-1: Ball
1-1: Ball
2-1: Foul Ball, location: 2F
2-2: Ball
3-2: SINGLE (Flyball, 8RS)
Ken Stroud to third
Ken Stroud scores
Batting: RHB Markus Thompson 0-0: Fly out, F8 (Flyball, 8RM)
Bottom of the 1st over - 1 run, 2 hits, 0 errors, 1 left on base; Florida 0 - Hamilton 1
TOP OF THE 2ND
Florida Men batting - Pitching for Hamilton Coyotes : RHP Jesús Garces
Batting: RHB Ricardo Cardenas 0-0: Foul Ball, location: 2F
0-1: Swinging Strike
0-2: Hit by Pitch
Batting: SHB Spencer Landes 0-0: Ball
1-0: Ball
2-0: Foul Ball, location: 2F
2-1: Foul Ball, location: 2F
2-2: Strikes out swinging
Batting: RHB Manny Maltby 0-0: Ball
1-0: Ball
2-0: Ball
3-0: Called Strike
3-1: Fly out, F9 (Flyball, 89S)
Batting: RHB Kyle Vandenbrink 0-0: Called Strike
0-1: Foul Ball, location: 2F
0-2: Ball
1-2: Foul Ball, location: 2F
1-2: Fly out, F6 (Popup, 6S)
Top of the 2nd over - 0 runs, 0 hits, 0 errors, 1 left on base; Florida 0 - Hamilton 1
BOTTOM OF THE 2ND
Hamilton Coyotes batting - Pitching for Florida Men : LHP Wiley Fritzler
Batting: RHB Noel Wells 0-0: Swinging Strike
0-1: Swinging Strike
0-2: Ball
1-2: Strikes out looking
Batting: RHB Jesús Soto 0-0: Foul Ball, location: 2F
0-1: Ball
1-1: Foul Ball, location: 2F
1-2: Foul Ball, location: 2F
1-2: Ball
2-2: Ball
3-2: Foul Ball, location: 2F
3-2: Strikes out swinging
Batting: RHB Raleigh Delaney 0-0: Ground out 4-3 (Groundball, 4)
Bottom of the 2nd over - 0 runs, 0 hits, 0 errors, 0 left on base; Florida 0 - Hamilton 1
TOP OF THE 3RD
Florida Men batting - Pitching for Hamilton Coyotes : RHP Jesús Garces
Batting: LHB Alfred Miles 0-0: Foul Ball, location: 2F
0-1: Ball
1-1: Called Strike
1-2: Ball
2-2: Foul Ball, location: 2F
2-2: Foul Ball, location: 2F
2-2: Strikes out swinging
Batting: RHB Henry Lambright 0-0: Foul Ball, location: 2F
0-1: Ball
1-1: Foul Ball, location: 2F
1-2: Ball
2-2: Ball
3-2: Base on Balls
Batting: LHB Jim Halpert 0-0: Foul Ball, location: 2F
0-1: Ball
1-1: Ball
2-1: Foul Ball, location: 2F
2-2: SINGLE (Groundball, 34) (infield hit)
Henry Lambright to second
Batting: RHB Warner Robinson 0-0: Called Strike
0-1: Foul Ball, location: 2F
0-2: Foul Ball, location: 2F
0-2: Ball
1-2: Foul Ball, location: 2F
1-2: Ball
2-2: Foul Ball, location: 2F
2-2: Foul Ball, location: 2F
2-2: Fly out, F8 (Flyball, 8RD)
Batting: RHB Jorge Díaz 0-0: Called Strike
0-1: Ball
1-1: Called Strike
1-2: Ball
2-2: SINGLE (Groundball, 56D)
Henry Lambright to third
Jim Halpert to second
Runner from 3rd tries for Home, SAFE, no throw
Batting: RHB Ricardo Cardenas 0-0: Foul Ball, location: 2F
0-1: Ball
1-1: Foul Ball, location: 2F
1-2: Ball
2-2: SINGLE (Groundball, 56D)
Jim Halpert to third
Jorge Díaz to second
Runner from 3rd tries for Home, SAFE, no throw
Batting: SHB Spencer Landes 0-0: Ball
1-0: Called Strike
1-1: Swinging Strike
1-2: Foul Ball, location: 2F
1-2: Ball
2-2: Strikes out swinging
Top of the 3rd over - 2 runs, 3 hits, 0 errors, 2 left on base; Florida 2 - Hamilton 1
BOTTOM OF THE 3RD
Hamilton Coyotes batting - Pitching for Florida Men : LHP Wiley Fritzler
Batting: RHB Brandon Carroll 0-0: Ball
1-0: Swinging Strike
1-1: Foul Ball, location: 2F
1-2: Strikes out swinging
Batting: LHB Ken Stroud 0-0: SINGLE (Groundball, 34D)
Batting: RHB Ernest Daniels 0-0: Ball
1-0: Grounds into double play, 6-4-3 (Groundball, 6)
Bottom of the 3rd over - 0 runs, 1 hit, 0 errors, 0 left on base; Florida 2 - Hamilton 1
TOP OF THE 4TH
Florida Men batting - Pitching for Hamilton Coyotes : RHP Jesús Garces
Batting: RHB Manny Maltby 0-0: Called Strike
0-1: Ball
1-1: SINGLE (Groundball, 56D)
Pitching: LHP Reynaldo Sánchez
Batting: RHB Kyle Vandenbrink 0-0: Ball
1-0: Ball
2-0: Ball
3-0: Called Strike
3-1: Called Strike
3-2: SINGLE (Line Drive, 6MD)
Manny Maltby to second
Batting: LHB Alfred Miles 0-0: Ball
1-0: SINGLE (Groundball, 34D)
Manny Maltby to third
Kyle Vandenbrink to second
Batting: RHB Henry Lambright 0-0: Swinging Strike
0-1: Ball
1-1: Ball
2-1: Fly out, F9 (Line Drive, 89M)
Runner from 3rd tags up, OUT at HOME
Kyle Vandenbrink to third
Alfred Miles to second
Batting: LHB Jim Halpert 0-0: SINGLE (Groundball, 34D)
Kyle Vandenbrink scores
Alfred Miles to third
Runner from 3rd tries for Home, SAFE, throw made home
Batting: RHB Warner Robinson 0-0: Ball
1-0: Called Strike
1-1: Ball
2-1: Ground out 5-3 (Groundball, 56S)
Top of the 4th over - 2 runs, 4 hits, 0 errors, 1 left on base; Florida 4 - Hamilton 1
BOTTOM OF THE 4TH
Hamilton Coyotes batting - Pitching for Florida Men : LHP Wiley Fritzler
Batting: LHB Mike Gardner 0-0: Foul Ball, location: 2F
0-1: Called Strike
0-2: Ball
1-2: Fly out, F4 (Popup, 4S)
Batting: RHB Robert Hill 0-0: Ball
1-0: Ball
2-0: Ground out 4-3 (Groundball, 4)
Batting: RHB Markus Thompson 0-0: Foul Ball, location: 2F
0-1: Ball
1-1: Foul Ball, location: 2F
1-2: Fly out, F8 (Line Drive, 8LM)
Bottom of the 4th over - 0 runs, 0 hits, 0 errors, 0 left on base; Florida 4 - Hamilton 1
TOP OF THE 5TH
Florida Men batting - Pitching for Hamilton Coyotes : LHP Reynaldo Sánchez
Batting: RHB Jorge Díaz 0-0: Swinging Strike
0-1: Ball
1-1: Foul Ball, location: 2F
1-2: Foul Ball, location: 2F
1-2: Fly out, F8 (Flyball, 8RM)
Now in CF: Scot Willis
Batting: RHB Ricardo Cardenas 0-0: Ball
1-0: Swinging Strike
1-1: Ball
2-1: Foul Ball, location: 2F
2-2: Strikes out swinging
Batting: SHB Spencer Landes 0-0: Ball
1-0: Called Strike
1-1: Foul Ball, location: 2F
1-2: Fly out, F8 (Flyball, 8RXD)
Top of the 5th over - 0 runs, 0 hits, 0 errors, 0 left on base; Florida 4 - Hamilton 1
BOTTOM OF THE 5TH
Hamilton Coyotes batting - Pitching for Florida Men : LHP Wiley Fritzler
Batting: RHB Noel Wells 0-0: Foul Ball, location: 2F
0-1: Ball
1-1: Ball
2-1: Ball
3-1: Foul Ball, location: 2F
3-2: Foul Ball, location: 2F
3-2: Fly out, F8 (Flyball, 89M)
Batting: RHB Jesús Soto 0-0: Swinging Strike
0-1: Called Strike
0-2: Foul Ball, location: 2F
0-2: Ground out 6-3 (Groundball, 6)
Batting: RHB Raleigh Delaney 0-0: Called Strike
0-1: Fly out, F8 (Flyball, 8LXD)
Bottom of the 5th over - 0 runs, 0 hits, 0 errors, 0 left on base; Florida 4 - Hamilton 1
TOP OF THE 6TH
Florida Men batting - Pitching for Hamilton Coyotes : LHP Reynaldo Sánchez
Batting: RHB Manny Maltby 0-0: Ball
1-0: Ball
2-0: Swinging Strike
2-1: Foul Ball, location: 2F
2-2: Foul Ball, location: 2F
2-2: Foul Ball, location: 2F
2-2: Ground out 4-3 (Groundball, 4)
Batting: RHB Kyle Vandenbrink 0-0: Ball
1-0: Ground out 1-3 (Groundball, 13)
Batting: LHB Alfred Miles 0-0: Called Strike
0-1: Ball
1-1: Swinging Strike
1-2: Strikes out looking
Top of the 6th over - 0 runs, 0 hits, 0 errors, 0 left on base; Florida 4 - Hamilton 1
BOTTOM OF THE 6TH
Hamilton Coyotes batting - Pitching for Florida Men : LHP Wiley Fritzler
Batting: RHB Brandon Carroll 0-0: Ball
1-0: Called Strike
1-1: Foul Ball, location: 2F
1-2: Ball
2-2: Foul Ball, location: 2F
2-2: Ball
3-2: Base on Balls
Batting: LHB Ken Stroud 0-0: Sac Bunt - play at first, batter OUT! 1-3
Brandon Carroll to second
Batting: RHB Ernest Daniels 0-0: Ball
1-0: Called Strike
1-1: Swinging Strike
1-2: Foul Ball, location: 2F
1-2: Strikes out swinging, 2-3 out at first.
Batting: LHB Scot Willis 0-0: Foul Ball, location: 2F
0-1: Ball
1-1: Foul Ball, location: 2F
1-2: Strikes out looking
Bottom of the 6th over - 0 runs, 0 hits, 0 errors, 1 left on base; Florida 4 - Hamilton 1
TOP OF THE 7TH
Florida Men batting - Pitching for Hamilton Coyotes : LHP Reynaldo Sánchez
Batting: RHB Henry Lambright 0-0: Fly out, F2 (Popup, 23F)
Batting: LHB Jim Halpert 0-0: Ball
1-0: Ground out U3 (Groundball, 34S)
Batting: RHB Warner Robinson 0-0: Ball
1-0: Foul Ball, location: 2F
1-1: SINGLE (Flyball, 9S)
Batting: RHB Jorge Díaz 0-0: Called Strike
0-1: Fly out, F7 (Flyball, 7D)
Top of the 7th over - 0 runs, 1 hit, 0 errors, 1 left on base; Florida 4 - Hamilton 1
BOTTOM OF THE 7TH
Hamilton Coyotes batting - Pitching for Florida Men : LHP Wiley Fritzler
Batting: RHB Robert Hill 0-0: Swinging Strike
0-1: Ball
1-1: Ball
2-1: Ball
3-1: Swinging Strike
3-2: Strikes out swinging
Batting: RHB Markus Thompson 0-0: Ground out U3 (Groundball, 34S)
Batting: RHB Noel Wells 0-0: SINGLE (Groundball, 6MS) (infield hit)
Pitching: RHP Carlos González
Batting: RHB Jesús Soto 0-0: Called Strike
0-1: Ball
1-1: Ball
2-1: Swinging Strike
2-2: SINGLE (Groundball, 56D)
Noel Wells to second
Batting: RHB Raleigh Delaney 0-0: Called Strike
0-1: Foul Ball, location: 2F
0-2: Strikes out looking
Bottom of the 7th over - 0 runs, 2 hits, 0 errors, 2 left on base; Florida 4 - Hamilton 1
TOP OF THE 8TH
Florida Men batting - Pitching for Hamilton Coyotes : LHP Reynaldo Sánchez
Batting: RHB Ricardo Cardenas 0-0: Ball
1-0: Fly out, F8 (Flyball, 8LXD)
Batting: SHB Spencer Landes 0-0: Called Strike
0-1: Foul Ball, location: 2F
0-2: Ball
1-2: Foul Ball, location: 2F
1-2: Fly out, F8 (Flyball, 8RXD)
Batting: RHB Manny Maltby 0-0: Called Strike
0-1: Foul Ball, location: 2F
0-2: Strikes out swinging
Top of the 8th over - 0 runs, 0 hits, 0 errors, 0 left on base; Florida 4 - Hamilton 1
BOTTOM OF THE 8TH
Hamilton Coyotes batting - Pitching for Florida Men : RHP Carlos González
Batting: RHB Brandon Carroll 0-0: Ball
1-0: Foul Ball, location: 2F
1-1: Ground out U3 (Groundball, 34)
Batting: LHB Ken Stroud 0-0: SINGLE (Groundball, 6MD)
Batting: RHB Ernest Daniels 0-0: Ball
1-0: Fly out, F8 (Line Drive, 89M)
Batting: LHB Scot Willis 0-0: Ball
1-0: Foul Ball, location: 2F
1-1: Ball
2-1: Foul Ball, location: 2F
2-2: Ball
3-2: Foul Ball, location: 2F
3-2: 2-RUN HOME RUN (Flyball, 9D), Distance : 344 ft
Batting: RHB Robert Hill 0-0: Ball
1-0: Ball
2-0: Ball
3-0: Called Strike
3-1: SINGLE (Groundball, 56S) (infield hit)
Batting: RHB Markus Thompson 0-0: Fly out, F3 (Popup, 3S)
Bottom of the 8th over - 2 runs, 3 hits, 0 errors, 1 left on base; Florida 4 - Hamilton 3
TOP OF THE 9TH
Florida Men batting - Pitching for Hamilton Coyotes : LHP Reynaldo Sánchez
Pitching: RHP Noburo Oishi
Batting: RHB Kyle Vandenbrink 0-0: SINGLE (Groundball, 4MD)
Batting: LHB Alfred Miles 0-0: Bunt missed!
0-1: Ball
1-1: Ball
2-1: Bunt - Flyout! F1
Batting: RHB Henry Lambright 0-0: Called Strike
0-1: Foul Ball, location: 2F
0-2: Ball
1-2: Ball
Kyle Vandenbrink steals 2nd base
2-2: Foul Ball, location: 2F
2-2: Ground out 5-3 (Groundball, 56)
Batting: LHB Jim Halpert 0-0: Ball
1-0: Foul Ball, location: 2F
1-1: Foul Ball, location: 2F
1-2: Ball
2-2: Ground out 4-3 (Groundball, 4)
Top of the 9th over - 0 runs, 1 hit, 0 errors, 1 left on base; Florida 4 - Hamilton 3
BOTTOM OF THE 9TH
Hamilton Coyotes batting - Pitching for Florida Men : RHP Carlos González
Pitching: LHP Tyler Lund
Now at SS: Tim Fowler
Batting: RHB Noel Wells 0-0: Ball
1-0: Foul Ball, location: 2F
1-1: Ball
2-1: Swinging Strike
2-2: DOUBLE (Flyball, 8LXD)
Batting: RHB Jesús Soto 0-0: Ball
1-0: Swinging Strike
1-1: Ball
2-1: Ball
3-1: Base on Balls
Batting: RHB Raleigh Delaney 0-0: Bunted foul
0-1: Bunted foul
0-2: Strikes out swinging
Batting: RHB Brandon Carroll 0-0: Swinging Strike
0-1: Foul Ball, location: 2F
0-2: Ball
1-2: Strikes out swinging
Batting: LHB Ken Stroud 0-0: Ball
1-0: Ball
2-0: Called Strike
2-1: Swinging Strike
2-2: SINGLE (Groundball, 56D)
Noel Wells to third
Jesús Soto to second
Runner from 3rd tries for Home, SAFE, throw made at trailing runner, OUT at third!
Bottom of the 9th over - 1 run, 2 hits, 0 errors, 1 left on base; Florida 4 - Hamilton 4
TOP OF THE 10TH
Florida Men batting - Pitching for Hamilton Coyotes : RHP Noburo Oishi
Pinch Hitting: RHB Daniel McCoy 0-0: Ball
1-0: Ball
2-0: Called Strike
2-1: Ball
3-1: Base on Balls
Batting: RHB Jorge Díaz 0-0: Called Strike
0-1: Called Strike
0-2: Ball
1-2: Strikes out swinging
Batting: RHB Ricardo Cardenas 0-0: Ball
1-0: Called Strike
1-1: Ball
2-1: Fly out, F9 (Line Drive, 9)
Batting: SHB Spencer Landes 0-0: Foul Ball, location: 2F
0-1: Swinging Strike
0-2: Ball
1-2: Ball
2-2: Strikes out looking
Top of the 10th over - 0 runs, 0 hits, 0 errors, 1 left on base; Florida 4 - Hamilton 4
BOTTOM OF THE 10TH
Hamilton Coyotes batting - Pitching for Florida Men : LHP Tyler Lund
Now at 2B: Alex Vaske
Batting: RHB Ernest Daniels 0-0: Called Strike
0-1: Foul Ball, location: 2F
0-2: Foul Ball, location: 2F
0-2: Ball
1-2: Foul Ball, location: 2F
1-2: Ball
2-2: Foul Ball, location: 2F
2-2: Ball
3-2: Foul Ball, location: 2F
3-2: Foul Ball, location: 2F
3-2: Base on Balls
Batting: LHB Scot Willis 0-0: Ball
1-0: Foul Ball, location: 2F
1-1: Foul Ball, location: 2F
1-2: Strikes out swinging
Batting: RHB Robert Hill 0-0: Fly out, F6 (Line Drive, 6M)
Batting: RHB Markus Thompson 0-0: Called Strike
0-1: Ball
1-1: Swinging Strike
1-2: Foul Ball, location: 2F
1-2: Ball
2-2: Strikes out looking
Bottom of the 10th over - 0 runs, 0 hits, 0 errors, 1 left on base; Florida 4 - Hamilton 4
TOP OF THE 11TH
Florida Men batting - Pitching for Hamilton Coyotes : RHP Noburo Oishi
Pitching: RHP Rafael Peralta
Batting: RHB Manny Maltby 0-0: Ball
1-0: Foul Ball, location: 2F
1-1: Ball
2-1: SOLO HOME RUN (Flyball, 7D), Distance : 367 ft
Batting: SHB Tim Fowler 0-0: Foul Ball, location: 2F
0-1: Ground out U3 (Groundball, 3S)
Batting: LHB Alfred Miles 0-0: Ball
1-0: Ball
2-0: Called Strike
2-1: Fly out, F8 (Flyball, 8LS)
Batting: RHB Henry Lambright 0-0: Ground out 1-3 (Groundball, 13)
Top of the 11th over - 1 run, 1 hit, 0 errors, 0 left on base; Florida 5 - Hamilton 4
BOTTOM OF THE 11TH
Hamilton Coyotes batting - Pitching for Florida Men : LHP Tyler Lund
Batting: RHB Noel Wells 0-0: Called Strike
0-1: Ball
1-1: SINGLE (Groundball, 25) (infield hit)
Batting: RHB Jesús Soto 0-0: Foul Ball, location: 2F
0-1: Ball
1-1: Foul Ball, location: 2F
1-2: Fly out, F8 (Flyball, 8LD)
Batting: RHB Raleigh Delaney 0-0: Swinging Strike
0-1: Called Strike
0-2: Ball
1-2: Ball
2-2: Ball
3-2: Foul Ball, location: 2F
3-2: Strikes out swinging
Batting: RHB Brandon Carroll 0-0: SINGLE (Groundball, 34D)
Noel Wells to second
Runner from 2nd tries for 3rd, SAFE, no throw
Batting: LHB Ken Stroud 0-0: Ball
1-0: Called Strike
1-1: Called Strike
1-2: Strikes out swinging
Bottom of the 11th over - 0 runs, 2 hits, 0 errors, 2 left on base; Florida 5 - Hamilton 4
Tuesday, June 12th, 2018 - OOTP Baseball 18.8 Build 76